 Dungeon Crawl Stone Soup version 0.21.1-1-g345015f (webtiles) character file.

13 goulibeur the Skirmisher (level 2, -1/24 HPs)
             Began as a Demonspawn Abyssal Knight on July 23, 2018.
             Was a Follower of Lugonu.
             Succumbed to a goblin's poison
             ... on level 1 of the Dungeon.
             The game lasted 00:01:34 (465 turns).

goulibeur the Skirmisher (Demonspawn Abyssal Knight) Turns: 465, Time: 00:01:34

Health: -1/24      AC:  7    Str: 12    XL:     2   Next: 24%
Magic:  4/4        EV:  9    Int: 13    God:    Lugonu [*.....]
Gold:   22         SH:  0    Dex: 12    Spells: 1/1 levels left

rFire    . . .     SeeInvis .   a - +1 short sword
rCold    + + .     Gourm    .   (no shield)
rNeg     . . .     Faith    .   g - +1 scale mail {rC+}
rPois    .         Spirit   .   (no helmet)
rElec    .         Reflect  .   (no cloak)
rCorr    .         Harm     .   (no gloves)
MR       .....                  (no boots)
Stlth    ..........             (no amulet)
HPRegen  0.08/turn              (no ring)
MPRegen  0.09/turn              (no ring)

@: lethally poisoned (-1 -> -25)
A: cold resistance 1
a: Depart the Abyss, Renounce Religion


You were on level 1 of the Dungeon.
You worshipped Lugonu.
Lugonu was aware of your devotion.
You were not hungry.

You visited 1 branch of the dungeon, and saw 1 of its levels.
You visited the Abyss 1 time.

You collected 22 gold pieces.

Inventory:

Hand Weapons
 a - a +1 short sword (weapon)
Armour
 b - a +0 leather armour
 g - a +1 scale mail of cold resistance (worn)
 h - a +0 chain mail
Scrolls
 e - a scroll of fear {unknown}
 i - a scroll of teleportation {unknown}
Potions
 d - a potion of curing {unknown}
 f - a potion of heal wounds {unknown}
Comestibles
 c - 2 rations
 j - a chunk of flesh


   Skills:
 + Level 3.1 Fighting
 - Level 1.7 Short Blades
 + Level 2.0 Armour
 + Level 1.1 Dodging
 * Level 3.1 Invocations


You had one spell level left.
You didn't know any spells.

Dungeon Overview and Level Annotations

Branches:
Dungeon (1/15)

Altars:


Innate Abilities, Weirdness & Mutations

Your flesh is cold resistant. (rC+)


Message History

You closely miss the leopard gecko. The goblin hits you but does no damage.
You are poisoned.
The leopard gecko bites you.
You closely miss the leopard gecko.
You feel sick. The leopard gecko closely misses you.
The goblin hits you but does no damage.
You are lethally poisoned!
You feel sick. The goblin hits you but does no damage.
You are more poisoned.
Found a scroll labeled NARIXEOL VOAXT.
You feel sick. The goblin hits you but does no damage.
You are more poisoned.
* * * LOW HITPOINT WARNING * * *
You feel sick.
* * * LOW HITPOINT WARNING * * *
You feel sick. The leopard gecko barely misses you.
* * * LOW HITPOINT WARNING * * *
You feel sick.
* * * LOW HITPOINT WARNING * * *
You feel sick.
You die...

....#.##.## #)#.# .##
....#.......####.#.##..?
.##...>...............#
....#...........w.....##
.##.#..##.#...#..#......
.).....# #...#g......##
....#........ #.l.[.#.#
.#### .#.##.. #..##.#.#
..# # ##...#.@##.#.# #.#
?............# #.####
..#.........## .....#
#.#######.# #.##.# #.#
#.# #.##.# #.# #.#
..##.# #.# #.# ####.#
#.# #.# ####.#######.#
#.#


You could see a dart slug, a leopard gecko and a goblin.

Vanquished Creatures
  A dart slug (D:1)
  A goblin (D:1)
  2 hobgoblins (D:1)
  A bat (D:1)
  A kobold (D:1)
  7 rats (D:1)
13 creatures vanquished.

Notes
Turn   | Place    | Note
-------+----------+-------------------------------------------
     0 | Abyss:1  | goulibeur the Demonspawn Abyssal Knight began the quest for the Orb.
     0 | Abyss:1  | Reached XP level 1. HP: 18/18 MP: 2/2
     0 | Abyss:1  | Found a corrupted altar of Lugonu.
    77 | Abyss:1  | Noticed a starcursed mass
    77 | D:1      | Escaped the Abyss
   101 | D:1      | Reached * piety under Lugonu
   115 | D:1      | Reached skill level 1 in Dodging
   221 | D:1      | Gained mutation: Your flesh is cold resistant. (rC+) [demonic ancestry]
   221 | D:1      | Reached XP level 2. HP: 21/24 MP: 2/4
   464 | D:1      | HP: 1/24 [poisoned by a goblin]
   465 | D:1      | Succumbed to a goblin's poison

Skill      XL: |  1  2 |
---------------+-------+-----
Dodging        | 1 |  1.1
Invocations    | 3 |  3.1
Armour         | 2 |  2.0
Fighting       | |  3.1
Short Blades   | |  1.7

Action                   || total
-------------------------++-------
Melee: Short sword       ||    40
Invok: Depart the Abyss  ||     1
Armor: Leather armour    ||     1
       Scale mail        ||    12
Dodge: Dodged            ||    14
